Tampa Bay Lightning vs Calgary Flames
Created - Wednesday, May 15, 2024 at 06:52
Goals
|
| Tampa Bay Lightning |
0 |
3 |
0 |
3 |
| Calgary Flames |
0 |
1 |
1 |
2 |
|
Shots
|
| Tampa Bay Lightning |
2 |
15 |
12 |
29 |
| Calgary Flames |
2 |
22 |
5 |
29 |
|
1st period
No Goal
Penalties :
Jacob Middleton (CGY) for Fighting (Major) at 1:18, Moritz Seider (TBL) for Fighting (Major) at 1:18, Matthew Tkachuk (CGY) for Hooking (Minor) at 17:51
2nd period
1. Tampa Bay Lightning , Kirill Kaprizov 28 (Darnell Nurse 19, Filip Gustavsson) at 4:35 (PP)
2. Calgary Flames , Matthew Tkachuk 33 (J.T. Miller 43) at 5:52
3. Tampa Bay Lightning , Anze Kopitar 25 (Ryan Graves 7, Johnny Gaudreau 49) at 10:36
4. Tampa Bay Lightning , Kirill Kaprizov 29 (Johnny Gaudreau 50, Anze Kopitar 47) at 15:12
Penalties :
Mathieu Joseph (CGY) for Roughing (Minor) at 3:51, Darnell Nurse (TBL) for Holding (Minor) at 18:10
3rd period
5. Calgary Flames , J.T. Miller 21 (Matthew Tkachuk 38, Joel Eriksson Ek 32) at 12:44
Penalties :
No Penalty
Goalie Stats
Filip Gustavsson (TBL), 27 saves from 29 shots - (0.931), W, 36-15-3, 60:00 minutes
Ilya Sorokin (CGY), 26 saves from 29 shots - (0.897), L, 29-11-3, 60:00 minutes
Players Stats for Tampa Bay Lightning
Player Name G A P +/- PIM S H SB GA TA FO MP PP MP PK MP
------------------------------------------------------------------------------------
Anze Kopitar 1 1 2 1 0 1 3 1 0 2 20/34 22:23 1:22 0:00
Blake Lizotte 0 0 0 0 0 0 1 0 0 0 0/0 0:18 0:00 0:00
Darnell Nurse 0 1 1 0 2 0 6 2 1 0 0/0 24:51 1:16 0:00
Dylan Cozens 0 0 0 -1 0 2 1 0 0 0 2/3 19:10 0:00 1:02
Gustav Nyquist 0 0 0 0 0 3 0 0 2 0 0/0 13:20 0:00 0:57
Hampus Lindholm 0 0 0 0 0 0 2 4 0 0 0/0 21:33 1:16 0:49
Johnny Gaudreau 0 2 2 1 0 2 2 1 2 0 0/1 21:06 1:21 0:00
Kirill Kaprizov 2 0 2 1 0 7 3 2 1 2 0/0 21:22 1:22 0:00
Logan Couture 0 0 0 -1 0 1 0 1 0 0 7/21 19:37 1:21 0:57
Michael Matheson 0 0 0 0 0 0 3 1 0 0 0/0 16:44 1:27 0:22
Moritz Seider 0 0 0 0 5 2 3 2 1 2 0/0 23:49 1:27 0:48
Roope Hintz 0 0 0 0 0 4 0 0 1 0 5/5 13:35 1:22 0:00
Ryan Graves 0 1 1 0 0 1 1 2 0 0 0/0 14:03 0:00 0:48
Tomas Hertl 0 0 0 0 0 0 0 0 0 0 1/1 4:24 0:00 0:00
Travis Konecny 0 0 0 -1 0 2 4 1 0 1 0/1 22:59 1:21 0:00
Trevor Moore 0 0 0 0 0 4 0 0 1 0 0/0 15:00 0:00 1:02
Tyler Toffoli 0 0 0 0 0 0 0 0 0 0 0/0 4:24 0:00 0:00
Vladislav Gavrikov 0 0 0 0 0 0 1 1 0 1 0/0 19:21 0:00 1:11
Players Stats for Calgary Flames
Player Name G A P +/- PIM S H SB GA TA FO MP PP MP PK MP
------------------------------------------------------------------------------------
Cole Sillinger 0 0 0 0 0 0 0 0 0 0 0/2 7:23 0:19 0:00
Drew Doughty 0 0 0 0 0 2 0 2 2 2 0/0 21:55 0:28 1:31
J.T. Miller 1 1 2 1 0 6 0 0 0 0 8/18 19:27 0:30 1:13
Jacob Middleton 0 0 0 -1 5 0 1 0 0 1 0/0 13:52 0:00 0:00
Jeff Petry 0 0 0 1 0 0 0 1 0 0 0/0 21:14 0:35 0:00
Joel Eriksson Ek 0 1 1 1 0 4 2 0 0 0 2/3 18:29 0:30 1:30
Kris Letang 0 0 0 -1 0 0 1 1 0 0 0/0 18:21 1:03 1:31
Mathieu Joseph 0 0 0 0 2 3 1 0 1 0 0/1 16:00 0:15 1:07
Matthew Tkachuk 1 1 2 1 2 6 0 0 2 1 1/2 18:36 0:30 0:23
Michael Anderson 0 0 0 1 0 1 4 1 0 0 0/0 22:46 0:56 1:12
Nic Dowd 0 0 0 0 0 0 2 0 0 0 11/17 16:27 0:29 1:13
Oliver Bjorkstrand 0 0 0 0 0 3 0 0 2 1 2/3 15:14 0:35 0:00
Rafael Harvey-Pinard 0 0 0 0 0 1 0 0 0 1 0/1 7:04 0:00 0:00
Rasmus Andersson 0 0 0 0 0 1 2 0 1 1 0/0 21:51 0:56 1:12
Sebastian Aho 0 0 0 -1 0 0 1 0 0 1 7/16 17:58 0:58 0:00
Timo Meier 0 0 0 -1 0 2 1 2 0 0 0/1 16:49 0:58 0:00
Yakov Trenin 0 0 0 0 0 0 2 0 0 1 0/1 7:04 0:00 0:00
Zach Hyman 0 0 0 -1 0 0 0 0 0 0 0/1 16:44 0:53 0:00
3 Stars
1 - Kirill Kaprizov (TBL)
2 - Anze Kopitar (TBL)
3 - J.T. Miller (CGY)
Power Play
Tampa Bay Lightning - 1 on 2 Attempt(s) - 50.00%
Calgary Flames - 0 on 1 Attempt(s) - 0.00%
Penalty Kill
Tampa Bay Lightning - 1 on 1 Attempt(s) - 100.00%
- Score 0 goal in Penalty Kill
Calgary Flames - 1 on 2 Attempt(s) - 50.00%
- Score 0 goal in Penalty Kill
Team Stat
Tampa Bay Lightning - Hits : 30 - Faceoff Wins : 35 - Blocked Shots : 18 - Penalty Minutes : 7
Calgary Flames - Hits : 17 - Faceoff Wins : 31 - Blocked Shots : 7 - Penalty Minutes : 9
Official
Referees : Kevin Pollock and Dave Lewis
Linesman : Shandor Alphonso and Brian Murphy
Game Notes
Jacob Middleton and Moritz Seider fight to a draw at 1:18 of 1st period
Finance
Level 1 -- Attendance: 4687 (78.12%) -- Ticket Income $468,700
Level 2 -- Attendance: 3710 (74.20%) -- Ticket Income $222,600
Level 3 -- Attendance: 2412 (80.40%) -- Ticket Income $84,420
Level 4 -- Attendance: 3625 (72.50%) -- Ticket Income $90,625
Luxury Box -- Attendance: 839 (83.90%) -- Ticket Income $167,800
Game was played at the Scotiabank Saddledome.
Total Attendance: 15273 (76.37%)
Total Ticket Income: $1,034,145
Other Income: $361,951
Total Income: $1,396,096
Tampa Bay Lightning
5 vs 5 Forward
Center Left Wing Right Wing Time % Phy DF OF
1 Anze Kopitar Johnny Gaudreau Kirill Kaprizov 40 0 1 4
2 Logan Couture Dylan Cozens Travis Konecny 35 0 1 4
3 Roope Hintz Trevor Moore Gustav Nyquist 20 0 3 2
4 Tomas Hertl Travis Konecny Tyler Toffoli 5 0 3 2
5 vs 5 Defense
Defense Defense Time % Phy DF OF
1 Darnell Nurse Moritz Seider 40 1 3 1
2 Vladislav Gavrikov Hampus Lindholm 35 1 3 1
3 Michael Matheson Ryan Graves 25 1 3 1
4 Darnell Nurse Hampus Lindholm 0 1 3 1
PowerPlay Forward
Center Left Wing Right Wing Time % Phy DF OF
1 Logan Couture Johnny Gaudreau Travis Konecny 50 0 0 5
2 Anze Kopitar Roope Hintz Kirill Kaprizov 50 0 0 5
PowerPlay Defense
Defense Defense Time % Phy DF OF
1 Moritz Seider Michael Matheson 50 0 2 3
2 Darnell Nurse Hampus Lindholm 50 0 2 3
Penalty Kill 4 Players Forward
Center Wing Time % Phy DF OF
1 Logan Couture Gustav Nyquist 50 1 4 0
2 Dylan Cozens Trevor Moore 50 1 4 0
Penalty Kill 4 Players Defense
Defense Defense Time % Phy DF OF
1 Vladislav Gavrikov Darnell Nurse 50 1 4 0
2 Ryan Graves Moritz Seider 50 1 4 0
Penalty Kill - 3 Players Forward
Forward Time % Phy DF OF
1 Anze Kopitar 50 1 4 0
2 Logan Couture 50 1 4 0
Penalty Kill - 3 Players Defense
Defense Defense Time % Phy DF OF
1 Vladislav Gavrikov Darnell Nurse 50 1 4 0
2 Ryan Graves Moritz Seider 50 1 4 0
4 vs 4 Forward
Center Wing Time % Phy DF OF
1 Anze Kopitar Dylan Cozens 50 0 3 2
2 Logan Couture Tomas Hertl 50 0 3 2
4 vs 4 Defense
Defense Defense Time % Phy DF OF
1 Darnell Nurse Hampus Lindholm 50 1 3 1
2 Moritz Seider Michael Matheson 50 1 3 1
Last Minutes Offensive
Center Left Wing Right Wing Defense Defense
Anze Kopitar Kirill Kaprizov Travis Konecny Darnell Nurse Hampus Lindholm
Last Minutes Defensive
Center Left Wing Right Wing Defense Defense
Anze Kopitar Kirill Kaprizov Travis Konecny Darnell Nurse Hampus Lindholm
Goaltenders
Starting : Filip Gustavsson
Backup : Jeremy Swayman
Extra Forwards
Normal : Dylan Cozens, Trevor Moore, Roope Hintz - PP : Dylan Cozens, Tyler Toffoli - PK : Anze Kopitar
Extra Defensemen
Normal : Moritz Seider, Darnell Nurse, Michael Matheson - PP : Ryan Graves - PK : Hampus Lindholm, Darnell Nurse
Penalty Shots
Gustav Nyquist, Kirill Kaprizov, Logan Couture, Trevor Moore, Anze Kopitar
Calgary Flames
5 vs 5 Forward
Center Left Wing Right Wing Time % Phy DF OF
1 J.T. Miller Matthew Tkachuk Joel Eriksson Ek 31 0 2 3
2 Sebastian Aho Zach Hyman Timo Meier 30 0 2 3
3 Nic Dowd Mathieu Joseph Oliver Bjorkstrand 29 0 2 3
4 Cole Sillinger Rafael Harvey-Pinard Yakov Trenin 10 1 3 1
5 vs 5 Defense
Defense Defense Time % Phy DF OF
1 Drew Doughty Rasmus Andersson 35 1 3 1
2 Jeff Petry Michael Anderson 35 1 3 1
3 Jacob Middleton Kris Letang 30 1 3 1
4 Kris Letang Drew Doughty 0 1 3 1
PowerPlay Forward
Center Left Wing Right Wing Time % Phy DF OF
1 J.T. Miller Matthew Tkachuk Joel Eriksson Ek 50 0 0 5
2 Sebastian Aho Zach Hyman Timo Meier 50 0 0 5
PowerPlay Defense
Defense Defense Time % Phy DF OF
1 Kris Letang Drew Doughty 50 0 0 5
2 Rasmus Andersson Michael Anderson 50 0 0 5
Penalty Kill 4 Players Forward
Center Wing Time % Phy DF OF
1 Joel Eriksson Ek Mathieu Joseph 50 0 5 0
2 J.T. Miller Nic Dowd 50 0 5 0
Penalty Kill 4 Players Defense
Defense Defense Time % Phy DF OF
1 Kris Letang Drew Doughty 50 0 5 0
2 Rasmus Andersson Michael Anderson 50 0 5 0
Penalty Kill - 3 Players Forward
Forward Time % Phy DF OF
1 J.T. Miller 50 0 5 0
2 Sebastian Aho 50 0 5 0
Penalty Kill - 3 Players Defense
Defense Defense Time % Phy DF OF
1 Kris Letang Drew Doughty 50 0 5 0
2 Michael Anderson Rasmus Andersson 50 0 5 0
4 vs 4 Forward
Center Wing Time % Phy DF OF
1 J.T. Miller Timo Meier 50 1 2 2
2 Sebastian Aho Zach Hyman 50 1 2 2
4 vs 4 Defense
Defense Defense Time % Phy DF OF
1 Kris Letang Drew Doughty 50 1 2 2
2 Rasmus Andersson Jeff Petry 50 1 2 2
Last Minutes Offensive
Center Left Wing Right Wing Defense Defense
J.T. Miller Matthew Tkachuk Sebastian Aho Kris Letang Drew Doughty
Last Minutes Defensive
Center Left Wing Right Wing Defense Defense
J.T. Miller Sebastian Aho Joel Eriksson Ek Jeff Petry Drew Doughty
Goaltenders
Starting : Ilya Sorokin
Backup : Samuel Montembeault
Extra Forwards
Normal : Nic Dowd, Joel Eriksson Ek, Mathieu Joseph - PP : Nic Dowd, Joel Eriksson Ek - PK : Mathieu Joseph
Extra Defensemen
Normal : Rasmus Andersson, Michael Anderson, Kris Letang - PP : Rasmus Andersson - PK : Michael Anderson, Kris Letang
Penalty Shots
J.T. Miller, Matthew Tkachuk, Sebastian Aho, Joel Eriksson Ek, Timo Meier
% Time on Ice - Tampa Bay Lightning
Lines # - Real PCT - Wanted PCT - Time Play
Normal Forward
1 - 36% - 40% - 19:45
2 - 34% - 35% - 18:15
3 - 22% - 20% - 11:48
4 - 8% - 5% - 4:24
Normal Defense
1 - 40% - 40% - 21:36
2 - 34% - 35% - 18:10
3 - 24% - 25% - 12:52
4 - 3% - 0% - 1:34
PP Forward
1 - 50% - 50% - 1:21
2 - 50% - 50% - 1:22
PP Defense
1 - 53% - 50% - 1:27
2 - 47% - 50% - 1:16
PK Forward
1 - 48% - 50% - 0:57
2 - 52% - 50% - 1:02
PK Defense
1 - 60% - 50% - 1:11
2 - 40% - 50% - 0:48
PK3 Forward
1 - 0% - 50%
2 - 0% - 50%
PK3 Defense
1 - 0% - 50%
2 - 0% - 50%
44 Forward
1 - 0% - 50%
2 - 0% - 50%
44 Defense
1 - 0% - 50%
2 - 0% - 50%
Last Minute Offensive - 0:00
Last Minute Defensive - 1:06
Total
Forward - 60:00
Defense - 60:00
|
% Time on Ice - Calgary Flames
Lines # - Real PCT - Wanted PCT - Time Play
Normal Forward
1 - 30% - 31% - 16:29
2 - 29% - 30% - 15:57
3 - 27% - 29% - 14:39
4 - 13% - 10% - 7:04
Normal Defense
1 - 35% - 35% - 19:11
2 - 35% - 35% - 18:59
3 - 30% - 30% - 15:59
4 - 0% - 0% - 0:00
PP Forward
1 - 41% - 50% - 0:49
2 - 59% - 50% - 1:10
PP Defense
1 - 53% - 50% - 1:03
2 - 47% - 50% - 0:56
PK Forward
1 - 55% - 50% - 1:30
2 - 45% - 50% - 1:13
PK Defense
1 - 56% - 50% - 1:31
2 - 44% - 50% - 1:12
PK3 Forward
1 - 0% - 50%
2 - 0% - 50%
PK3 Defense
1 - 0% - 50%
2 - 0% - 50%
44 Forward
1 - 0% - 50%
2 - 0% - 50%
44 Defense
1 - 0% - 50%
2 - 0% - 50%
Last Minute Offensive - 1:09
Last Minute Defensive - 0:00
Total
Forward - 60:00
Defense - 60:00
|
Play-by-Play
1st period
0:01 of 1st period - Anze Kopitar wins face-off versus J.T. Miller in neutral zone.
0:16 of 1st period - Slapshot by Matthew Tkachuk.
0:16 of 1st period - Deflect By J.T. Miller.
0:16 of 1st period - Shot Misses the Net.
0:16 of 1st period - Puck is out of play.
0:17 of 1st period - Dylan Cozens wins face-off versus Timo Meier in Tampa Bay Lightning zone.
0:23 of 1st period - Off-side.
0:24 of 1st period - Logan Couture wins face-off versus Sebastian Aho in neutral zone.
0:40 of 1st period - Icing by Vladislav Gavrikov.
0:41 of 1st period - Nic Dowd wins face-off versus Logan Couture in Tampa Bay Lightning zone.
0:57 of 1st period - Off-side.
0:58 of 1st period - Roope Hintz wins face-off versus Rafael Harvey-Pinard in neutral zone.
1:11 of 1st period - Snap shot by Drew Doughty.
1:11 of 1st period - Deflect By Rafael Harvey-Pinard.
1:11 of 1st period - Shot Blocked by Ryan Graves.
1:11 of 1st period - Puck is out of play.
1:12 of 1st period - J.T. Miller wins face-off versus Anze Kopitar in Tampa Bay Lightning zone.
1:18 of 1st period - Jacob Middleton and Moritz Seider fight to a draw.
1:18 of 1st period - Penalty to Jacob Middleton for Fighting.
1:18 of 1st period - Penalty to Moritz Seider for Fighting.
1:19 of 1st period - Nic Dowd wins face-off versus Anze Kopitar in Tampa Bay Lightning zone.
1:46 of 1st period - Michael Matheson is hit by Michael Anderson and loses puck.
2:37 of 1st period - Wrist shot by Anze Kopitar.
2:37 of 1st period - Shot Misses the Net.
3:00 of 1st period - Nic Dowd is hit by Darnell Nurse and loses puck.
3:17 of 1st period - Snap shot by Matthew Tkachuk.
3:17 of 1st period - Stopped by Filip Gustavsson without a rebound.
3:18 of 1st period - Anze Kopitar wins face-off versus J.T. Miller in Tampa Bay Lightning zone.
3:43 of 1st period - Snap shot by Matthew Tkachuk.
3:43 of 1st period - Shot Blocked by Logan Couture.
3:45 of 1st period - Slapshot by Jeff Petry.
3:45 of 1st period - Shot Blocked by Ryan Graves.
3:47 of 1st period - Snap shot by Matthew Tkachuk.
3:47 of 1st period - Shot Misses the Net.
3:53 of 1st period - Michael Matheson is hit by Joel Eriksson Ek and loses puck.
6:08 of 1st period - Jeff Petry is hit by Michael Matheson and loses puck.
6:59 of 1st period - Moritz Seider is hit by Yakov Trenin and loses puck.
7:54 of 1st period - Jacob Middleton is hit by Anze Kopitar and loses puck.
8:14 of 1st period - Icing by J.T. Miller.
8:15 of 1st period - J.T. Miller wins face-off versus Logan Couture in Calgary Flames zone.
8:36 of 1st period - Backhand shot by Joel Eriksson Ek.
8:36 of 1st period - Shot Blocked by Vladislav Gavrikov.
8:50 of 1st period - Slapshot by J.T. Miller.
8:50 of 1st period - Shot Misses the Net.
8:52 of 1st period - Snap shot by J.T. Miller.
8:52 of 1st period - Stopped by Filip Gustavsson without a rebound.
8:53 of 1st period - Anze Kopitar wins face-off versus Zach Hyman in Tampa Bay Lightning zone.
9:02 of 1st period - Snap shot by Johnny Gaudreau.
9:02 of 1st period - Shot Misses the Net.
9:04 of 1st period - Snap shot by Moritz Seider.
9:04 of 1st period - Stopped by Ilya Sorokin without a rebound.
9:05 of 1st period - Anze Kopitar wins face-off versus Oliver Bjorkstrand in Calgary Flames zone.
9:17 of 1st period - Icing by Oliver Bjorkstrand.
9:18 of 1st period - Nic Dowd wins face-off versus Anze Kopitar in Calgary Flames zone.
9:18 of 1st period - Nic Dowd is hit by Moritz Seider.
11:54 of 1st period - Slapshot by Kris Letang.
11:54 of 1st period - Deflect By Yakov Trenin.
11:54 of 1st period - Shot Misses the Net.
11:54 of 1st period - Puck is out of play.
11:55 of 1st period - Anze Kopitar wins face-off versus Cole Sillinger in Tampa Bay Lightning zone.
12:02 of 1st period - Michael Anderson is hit by Kirill Kaprizov and loses puck.
12:54 of 1st period - Jeff Petry is hit by Ryan Graves and loses puck.
14:35 of 1st period - Darnell Nurse is hit by Kris Letang and loses puck.
16:19 of 1st period - Dylan Cozens is hit by Yakov Trenin and loses puck.
17:05 of 1st period - Nic Dowd is hit by Kirill Kaprizov and loses puck.
17:28 of 1st period - Dylan Cozens is hit by Michael Anderson and loses puck.
17:41 of 1st period - Roope Hintz is hit by Joel Eriksson Ek.
17:42 of 1st period - Icing by Roope Hintz.
17:43 of 1st period - Roope Hintz wins face-off versus J.T. Miller in Tampa Bay Lightning zone.
17:51 of 1st period - Minor Penalty to Matthew Tkachuk for Hooking.
17:52 of 1st period - Joel Eriksson Ek wins face-off versus Logan Couture in Calgary Flames zone.
18:30 of 1st period - Icing by Kirill Kaprizov.
18:31 of 1st period - Joel Eriksson Ek wins face-off versus Anze Kopitar in Tampa Bay Lightning zone.
19:12 of 1st period - J.T. Miller is hit by Kirill Kaprizov.
19:16 of 1st period - Wrist shot by Kirill Kaprizov.
19:16 of 1st period - Stopped by Ilya Sorokin with a rebound.
19:18 of 1st period - Snap shot by Anze Kopitar.
19:18 of 1st period - Deflect By Drew Doughty.
19:18 of 1st period - Shot Blocked by Drew Doughty.
19:18 of 1st period - Puck is out of play.
19:19 of 1st period - Logan Couture wins face-off versus Mathieu Joseph in Calgary Flames zone.
19:36 of 1st period - Wrist shot by Johnny Gaudreau.
19:36 of 1st period - Shot Misses the Net.
19:51 of 1st period - Penalty to Matthew Tkachuk is over, Matthew Tkachuk is back on ice.
Goals for this period are 0 for Tampa Bay Lightning vs 0 for Calgary Flames.
Shots for this period are 2 for Tampa Bay Lightning vs 2 for Calgary Flames.
2nd period
0:01 of 2nd period - Sebastian Aho wins face-off versus Logan Couture in neutral zone.
0:04 of 2nd period - Travis Konecny is hit by Michael Anderson and loses puck.
0:15 of 2nd period - Snap shot by Zach Hyman.
0:15 of 2nd period - Shot Misses the Net.
0:17 of 2nd period - Snap shot by Timo Meier.
0:17 of 2nd period - Shot Blocked by Moritz Seider.
0:27 of 2nd period - Nic Dowd is hit by Anze Kopitar and loses puck.
0:34 of 2nd period - Snap shot by Kirill Kaprizov.
0:34 of 2nd period - Stopped by Ilya Sorokin with a rebound.
0:36 of 2nd period - Snap shot by Kirill Kaprizov.
0:36 of 2nd period - Stopped by Ilya Sorokin without a rebound.
0:37 of 2nd period - Anze Kopitar wins face-off versus Matthew Tkachuk in Calgary Flames zone.
0:40 of 2nd period - Snap shot by Johnny Gaudreau.
0:40 of 2nd period - Shot Blocked by Drew Doughty.
1:15 of 2nd period - Wrist shot by Travis Konecny.
1:15 of 2nd period - Stopped by Ilya Sorokin with a rebound.
1:33 of 2nd period - Wrist shot by Roope Hintz.
1:33 of 2nd period - Shot Blocked by Timo Meier.
1:35 of 2nd period - Slapshot by Vladislav Gavrikov.
1:35 of 2nd period - Shot Blocked by Michael Anderson.
1:37 of 2nd period - Slapshot by Roope Hintz.
1:37 of 2nd period - Stopped by Ilya Sorokin without a rebound.
1:38 of 2nd period - J.T. Miller wins face-off versus Logan Couture in Calgary Flames zone.
1:38 of 2nd period - J.T. Miller is hit by Travis Konecny.
1:52 of 2nd period - Wrist shot by Joel Eriksson Ek.
1:52 of 2nd period - Stopped by Filip Gustavsson with a rebound.
1:54 of 2nd period - Snap shot by Joel Eriksson Ek.
1:54 of 2nd period - Stopped by Filip Gustavsson without a rebound.
1:55 of 2nd period - Anze Kopitar wins face-off versus Sebastian Aho in Tampa Bay Lightning zone.
2:21 of 2nd period - Dylan Cozens is hit by Nic Dowd and loses puck.
2:28 of 2nd period - Wrist shot by Mathieu Joseph.
2:28 of 2nd period - Shot Misses the Net.
2:54 of 2nd period - Snap shot by Trevor Moore.
2:54 of 2nd period - Stopped by Ilya Sorokin without a rebound.
2:55 of 2nd period - J.T. Miller wins face-off versus Anze Kopitar in Calgary Flames zone.
3:04 of 2nd period - Snap shot by Joel Eriksson Ek.
3:04 of 2nd period - Shot Misses the Net.
3:10 of 2nd period - J.T. Miller is hit by Michael Matheson and loses puck.
3:42 of 2nd period - Snap shot by Timo Meier.
3:42 of 2nd period - Stopped by Filip Gustavsson without a rebound.
3:43 of 2nd period - Roope Hintz wins face-off versus Nic Dowd in Tampa Bay Lightning zone.
3:51 of 2nd period - Minor Penalty to Mathieu Joseph for Roughing.
3:52 of 2nd period - Nic Dowd wins face-off versus Logan Couture in Calgary Flames zone.
4:14 of 2nd period - Drew Doughty is hit by Darnell Nurse and loses puck.
4:35 of 2nd period - Slapshot by Kirill Kaprizov.
4:35 of 2nd period - Goal by Kirill Kaprizov - Tampa Bay Lightning : 1 - Calgary Flames : 0.
4:36 of 2nd period - J.T. Miller wins face-off versus Anze Kopitar in neutral zone.
4:43 of 2nd period - Wrist shot by Matthew Tkachuk.
4:43 of 2nd period - Shot Misses the Net.
5:05 of 2nd period - Slapshot by Mathieu Joseph.
5:05 of 2nd period - Stopped by Filip Gustavsson with a rebound.
5:09 of 2nd period - Snap shot by Mathieu Joseph.
5:09 of 2nd period - Stopped by Filip Gustavsson without a rebound.
5:10 of 2nd period - Sebastian Aho wins face-off versus Logan Couture in Tampa Bay Lightning zone.
5:11 of 2nd period - Slapshot by Timo Meier.
5:11 of 2nd period - Shot Blocked by Hampus Lindholm.
5:13 of 2nd period - Slapshot by Michael Anderson.
5:13 of 2nd period - Shot Blocked by Hampus Lindholm.
5:29 of 2nd period - Michael Anderson is hit by Dylan Cozens and loses puck.
5:52 of 2nd period - Slapshot by Matthew Tkachuk.
5:52 of 2nd period - Goal by Matthew Tkachuk - Tampa Bay Lightning : 1 - Calgary Flames : 1.
5:53 of 2nd period - Oliver Bjorkstrand wins face-off versus Anze Kopitar in neutral zone.
5:56 of 2nd period - Slapshot by Rasmus Andersson.
5:56 of 2nd period - Shot Blocked by Johnny Gaudreau.
6:43 of 2nd period - Joel Eriksson Ek is hit by Moritz Seider and loses puck.
6:52 of 2nd period - Wrist shot by Kris Letang.
6:52 of 2nd period - Deflect By J.T. Miller.
6:52 of 2nd period - Stopped by Filip Gustavsson with a rebound.
6:54 of 2nd period - Slapshot by Jacob Middleton.
6:54 of 2nd period - Deflect By Joel Eriksson Ek.
6:54 of 2nd period - Stopped by Filip Gustavsson without a rebound.
6:55 of 2nd period - Nic Dowd wins face-off versus Anze Kopitar in Tampa Bay Lightning zone.
7:02 of 2nd period - Snap shot by Oliver Bjorkstrand.
7:02 of 2nd period - Stopped by Filip Gustavsson with a rebound.
7:22 of 2nd period - J.T. Miller is hit by Travis Konecny and loses puck.
7:31 of 2nd period - Jeff Petry is hit by Travis Konecny and loses puck.
7:48 of 2nd period - Snap shot by Timo Meier.
7:48 of 2nd period - Stopped by Filip Gustavsson without a rebound.
7:49 of 2nd period - Oliver Bjorkstrand wins face-off versus Johnny Gaudreau in Tampa Bay Lightning zone.
7:52 of 2nd period - Slapshot by Oliver Bjorkstrand.
7:52 of 2nd period - Stopped by Filip Gustavsson without a rebound.
7:53 of 2nd period - Anze Kopitar wins face-off versus Nic Dowd in Tampa Bay Lightning zone.
7:53 of 2nd period - Anze Kopitar is hit by Nic Dowd.
8:32 of 2nd period - Sebastian Aho is hit by Travis Konecny and loses puck.
8:55 of 2nd period - Snap shot by Gustav Nyquist.
8:55 of 2nd period - Stopped by Ilya Sorokin with a rebound.
8:57 of 2nd period - Snap shot by Trevor Moore.
8:57 of 2nd period - Stopped by Ilya Sorokin with a rebound.
9:09 of 2nd period - Slapshot by Rafael Harvey-Pinard.
9:09 of 2nd period - Stopped by Filip Gustavsson without a rebound.
9:10 of 2nd period - Anze Kopitar wins face-off versus Yakov Trenin in Tampa Bay Lightning zone.
9:12 of 2nd period - Icing by Kirill Kaprizov.
9:13 of 2nd period - Anze Kopitar wins face-off versus Cole Sillinger in Tampa Bay Lightning zone.
9:36 of 2nd period - Snap shot by Cole Sillinger.
9:36 of 2nd period - Shot Blocked by Hampus Lindholm.
9:38 of 2nd period - Snap shot by Yakov Trenin.
9:38 of 2nd period - Deflect By Rafael Harvey-Pinard.
9:38 of 2nd period - Shot Hit the Post.
9:38 of 2nd period - Puck is out of play.
9:39 of 2nd period - Sebastian Aho wins face-off versus Logan Couture in Tampa Bay Lightning zone.
10:32 of 2nd period - Wrist shot by Johnny Gaudreau.
10:32 of 2nd period - Shot Misses the Net.
10:34 of 2nd period - Slapshot by Ryan Graves.
10:34 of 2nd period - Stopped by Ilya Sorokin with a rebound.
10:36 of 2nd period - Snap shot by Anze Kopitar.
10:36 of 2nd period - Goal by Anze Kopitar - Tampa Bay Lightning : 2 - Calgary Flames : 1.
10:37 of 2nd period - Anze Kopitar wins face-off versus Joel Eriksson Ek in neutral zone.
10:54 of 2nd period - Wrist shot by J.T. Miller.
10:54 of 2nd period - Deflect By Joel Eriksson Ek.
10:54 of 2nd period - Stopped by Filip Gustavsson without a rebound.
10:55 of 2nd period - Nic Dowd wins face-off versus Logan Couture in Tampa Bay Lightning zone.
10:56 of 2nd period - Wrist shot by Oliver Bjorkstrand.
10:56 of 2nd period - Shot Blocked by Darnell Nurse.
11:12 of 2nd period - Snap shot by Travis Konecny.
11:12 of 2nd period - Shot Misses the Net.
11:50 of 2nd period - Snap shot by Gustav Nyquist.
11:50 of 2nd period - Stopped by Ilya Sorokin with a rebound.
12:10 of 2nd period - Rasmus Andersson is hit by Darnell Nurse.
12:38 of 2nd period - Slapshot by Drew Doughty.
12:38 of 2nd period - Shot Misses the Net.
13:19 of 2nd period - Slapshot by J.T. Miller.
13:19 of 2nd period - Shot Misses the Net.
13:38 of 2nd period - Slapshot by Michael Anderson.
13:38 of 2nd period - Stopped by Filip Gustavsson without a rebound.
13:39 of 2nd period - Roope Hintz wins face-off versus Nic Dowd in Tampa Bay Lightning zone.
13:50 of 2nd period - Snap shot by Gustav Nyquist.
13:50 of 2nd period - Stopped by Ilya Sorokin without a rebound.
13:51 of 2nd period - Anze Kopitar wins face-off versus Sebastian Aho in Calgary Flames zone.
13:56 of 2nd period - Wrist shot by Kirill Kaprizov.
13:56 of 2nd period - Stopped by Ilya Sorokin with a rebound.
13:58 of 2nd period - Snap shot by Anze Kopitar.
13:58 of 2nd period - Shot Misses the Net.
14:00 of 2nd period - Wrist shot by Vladislav Gavrikov.
14:00 of 2nd period - Shot Blocked by Timo Meier.
14:08 of 2nd period - Snap shot by Kirill Kaprizov.
14:08 of 2nd period - Shot Misses the Net.
15:00 of 2nd period - Vladislav Gavrikov is hit by Timo Meier and loses puck.
15:06 of 2nd period - Off-side.
15:07 of 2nd period - Anze Kopitar wins face-off versus Sebastian Aho in neutral zone.
15:10 of 2nd period - Snap shot by Johnny Gaudreau.
15:10 of 2nd period - Stopped by Ilya Sorokin with a rebound.
15:12 of 2nd period - Backhand shot by Kirill Kaprizov.
15:12 of 2nd period - Goal by Kirill Kaprizov - Tampa Bay Lightning : 3 - Calgary Flames : 1.
15:13 of 2nd period - Anze Kopitar wins face-off versus J.T. Miller in neutral zone.
15:40 of 2nd period - Michael Matheson is hit by Mathieu Joseph and loses puck.
15:45 of 2nd period - Snap shot by Oliver Bjorkstrand.
15:45 of 2nd period - Stopped by Filip Gustavsson without a rebound.
15:46 of 2nd period - Logan Couture wins face-off versus Nic Dowd in Tampa Bay Lightning zone.
16:01 of 2nd period - Wrist shot by Dylan Cozens.
16:01 of 2nd period - Shot Misses the Net.
16:11 of 2nd period - Mathieu Joseph is hit by Vladislav Gavrikov and loses puck.
16:18 of 2nd period - Hampus Lindholm is hit by Michael Anderson and loses puck.
16:23 of 2nd period - Slapshot by Oliver Bjorkstrand.
16:23 of 2nd period - Shot Misses the Net.
16:25 of 2nd period - Wrist shot by Mathieu Joseph.
16:25 of 2nd period - Stopped by Filip Gustavsson without a rebound.
16:26 of 2nd period - Logan Couture wins face-off versus Sebastian Aho in Tampa Bay Lightning zone.
16:41 of 2nd period - Wrist shot by Zach Hyman.
16:41 of 2nd period - Shot Misses the Net.
16:43 of 2nd period - Snap shot by Sebastian Aho.
16:43 of 2nd period - Deflect By Zach Hyman.
16:43 of 2nd period - Shot Blocked by Travis Konecny.
16:43 of 2nd period - Puck is out of play.
16:44 of 2nd period - Anze Kopitar wins face-off versus J.T. Miller in Tampa Bay Lightning zone.
16:47 of 2nd period - Wrist shot by Matthew Tkachuk.
16:47 of 2nd period - Shot Misses the Net.
16:49 of 2nd period - Snap shot by Matthew Tkachuk.
16:49 of 2nd period - Shot Misses the Net.
16:51 of 2nd period - Slapshot by Drew Doughty.
16:51 of 2nd period - Stopped by Filip Gustavsson with a rebound.
16:53 of 2nd period - Slapshot by Drew Doughty.
16:53 of 2nd period - Stopped by Filip Gustavsson without a rebound.
16:54 of 2nd period - J.T. Miller wins face-off versus Anze Kopitar in Tampa Bay Lightning zone.
17:13 of 2nd period - Snap shot by J.T. Miller.
17:13 of 2nd period - Shot Blocked by Moritz Seider.
17:15 of 2nd period - Slapshot by Rasmus Andersson.
17:15 of 2nd period - Shot Misses the Net.
17:23 of 2nd period - Slapshot by Matthew Tkachuk.
17:23 of 2nd period - Shot Blocked by Kirill Kaprizov.
17:25 of 2nd period - Snap shot by J.T. Miller.
17:25 of 2nd period - Stopped by Filip Gustavsson with a rebound.
17:33 of 2nd period - Wrist shot by Matthew Tkachuk.
17:33 of 2nd period - Stopped by Filip Gustavsson with a rebound.
17:37 of 2nd period - Snap shot by Matthew Tkachuk.
17:37 of 2nd period - Stopped by Filip Gustavsson with a rebound.
17:39 of 2nd period - Wrist shot by J.T. Miller.
17:39 of 2nd period - Shot Blocked by Darnell Nurse.
17:59 of 2nd period - Slapshot by J.T. Miller.
17:59 of 2nd period - Shot Misses the Net.
18:01 of 2nd period - Snap shot by Rasmus Andersson.
18:01 of 2nd period - Stopped by Filip Gustavsson with a rebound.
18:03 of 2nd period - Wrist shot by J.T. Miller.
18:03 of 2nd period - Shot Blocked by Anze Kopitar.
18:10 of 2nd period - Minor Penalty to Darnell Nurse for Holding.
18:11 of 2nd period - Logan Couture wins face-off versus Sebastian Aho in Tampa Bay Lightning zone.
19:59 of 2nd period - Moritz Seider is hit by Rasmus Andersson.
Goals for this period are 3 for Tampa Bay Lightning vs 1 for Calgary Flames.
Shots for this period are 15 for Tampa Bay Lightning vs 22 for Calgary Flames.
3rd period
0:01 of 3rd period - Dylan Cozens wins face-off versus J.T. Miller in neutral zone.
0:08 of 3rd period - Snap shot by Dylan Cozens.
0:08 of 3rd period - Stopped by Ilya Sorokin without a rebound.
0:09 of 3rd period - Matthew Tkachuk wins face-off versus Dylan Cozens in Calgary Flames zone.
0:10 of 3rd period - Penalty to Darnell Nurse is over, Darnell Nurse is back on ice.
0:30 of 3rd period - Slapshot by Moritz Seider.
0:30 of 3rd period - Shot Misses the Net.
0:32 of 3rd period - Snap shot by Dylan Cozens.
0:32 of 3rd period - Stopped by Ilya Sorokin without a rebound.
0:33 of 3rd period - Sebastian Aho wins face-off versus Anze Kopitar in Calgary Flames zone.
1:29 of 3rd period - Snap shot by Roope Hintz.
1:29 of 3rd period - Stopped by Ilya Sorokin without a rebound.
1:30 of 3rd period - Anze Kopitar wins face-off versus Sebastian Aho in Calgary Flames zone.
2:03 of 3rd period - Wrist shot by Logan Couture.
2:03 of 3rd period - Stopped by Ilya Sorokin without a rebound.
2:04 of 3rd period - Nic Dowd wins face-off versus Logan Couture in Calgary Flames zone.
2:08 of 3rd period - Off-side.
2:09 of 3rd period - Sebastian Aho wins face-off versus Logan Couture in neutral zone.
3:00 of 3rd period - Slapshot by Drew Doughty.
3:00 of 3rd period - Shot Misses the Net.
3:55 of 3rd period - Slapshot by Moritz Seider.
3:55 of 3rd period - Shot Misses the Net.
3:57 of 3rd period - Slapshot by Moritz Seider.
3:57 of 3rd period - Stopped by Ilya Sorokin without a rebound.
3:58 of 3rd period - Nic Dowd wins face-off versus Logan Couture in Calgary Flames zone.
4:29 of 3rd period - Slapshot by Matthew Tkachuk.
4:29 of 3rd period - Stopped by Filip Gustavsson with a rebound.
4:31 of 3rd period - Wrist shot by Joel Eriksson Ek.
4:31 of 3rd period - Shot Misses the Net.
4:35 of 3rd period - Snap shot by Matthew Tkachuk.
4:35 of 3rd period - Stopped by Filip Gustavsson without a rebound.
4:36 of 3rd period - Sebastian Aho wins face-off versus Anze Kopitar in Tampa Bay Lightning zone.
4:37 of 3rd period - Snap shot by Timo Meier.
4:37 of 3rd period - Shot Blocked by Kirill Kaprizov.
5:44 of 3rd period - Jeff Petry is hit by Michael Matheson and loses puck.
5:51 of 3rd period - Anze Kopitar is hit by Rasmus Andersson and loses puck.
6:14 of 3rd period - Snap shot by Roope Hintz.
6:14 of 3rd period - Deflect By Trevor Moore.
6:14 of 3rd period - Stopped by Ilya Sorokin without a rebound.
6:15 of 3rd period - Logan Couture wins face-off versus Nic Dowd in Calgary Flames zone.
6:16 of 3rd period - Slapshot by Dylan Cozens.
6:16 of 3rd period - Shot Misses the Net.
6:26 of 3rd period - Wrist shot by Mathieu Joseph.
6:26 of 3rd period - Shot Misses the Net.
6:44 of 3rd period - Sebastian Aho is hit by Hampus Lindholm and loses puck.
6:51 of 3rd period - Wrist shot by Roope Hintz.
6:51 of 3rd period - Stopped by Ilya Sorokin without a rebound.
6:52 of 3rd period - Anze Kopitar wins face-off versus Nic Dowd in Calgary Flames zone.
7:19 of 3rd period - Zach Hyman is hit by Darnell Nurse.
7:27 of 3rd period - Zach Hyman is hit by Darnell Nurse and loses puck.
8:08 of 3rd period - Wrist shot by Johnny Gaudreau.
8:08 of 3rd period - Stopped by Ilya Sorokin with a rebound.
8:18 of 3rd period - Hampus Lindholm is hit by Jacob Middleton and loses puck.
8:25 of 3rd period - Wrist shot by Tyler Toffoli.
8:25 of 3rd period - Deflect By Tomas Hertl.
8:25 of 3rd period - Shot Blocked by Kris Letang.
8:25 of 3rd period - Puck is out of play.
8:26 of 3rd period - Roope Hintz wins face-off versus Sebastian Aho in Calgary Flames zone.
9:22 of 3rd period - Slapshot by J.T. Miller.
9:22 of 3rd period - Stopped by Filip Gustavsson with a rebound.
9:59 of 3rd period - Wrist shot by Logan Couture.
9:59 of 3rd period - Shot Misses the Net.
10:01 of 3rd period - Slapshot by Darnell Nurse.
10:01 of 3rd period - Shot Misses the Net.
10:11 of 3rd period - Drew Doughty is hit by Johnny Gaudreau and loses puck.
10:21 of 3rd period - Off-side.
10:22 of 3rd period - Tomas Hertl wins face-off versus J.T. Miller in neutral zone.
10:38 of 3rd period - Snap shot by Matthew Tkachuk.
10:38 of 3rd period - Shot Misses the Net.
10:48 of 3rd period - Oliver Bjorkstrand is hit by Anze Kopitar and loses puck.
10:54 of 3rd period - Icing by Nic Dowd.
10:55 of 3rd period - Nic Dowd wins face-off versus Anze Kopitar in Calgary Flames zone.
11:00 of 3rd period - Wrist shot by Anze Kopitar.
11:00 of 3rd period - Shot Misses the Net.
11:02 of 3rd period - Slapshot by Michael Matheson.
11:02 of 3rd period - Deflect By Kirill Kaprizov.
11:02 of 3rd period - Shot Blocked by Jeff Petry.
11:02 of 3rd period - Puck is out of play.
11:03 of 3rd period - Anze Kopitar wins face-off versus Sebastian Aho in Calgary Flames zone.
11:04 of 3rd period - Snap shot by Kirill Kaprizov.
11:04 of 3rd period - Stopped by Ilya Sorokin with a rebound.
11:14 of 3rd period - Hampus Lindholm is hit by Sebastian Aho and loses puck.
11:29 of 3rd period - Oliver Bjorkstrand is hit by Hampus Lindholm and loses puck.
11:54 of 3rd period - Snap shot by Roope Hintz.
11:54 of 3rd period - Stopped by Ilya Sorokin without a rebound.
11:55 of 3rd period - Sebastian Aho wins face-off versus Travis Konecny in Calgary Flames zone.
12:22 of 3rd period - Rasmus Andersson is hit by Darnell Nurse and loses puck.
12:36 of 3rd period - Off-side.
12:37 of 3rd period - J.T. Miller wins face-off versus Logan Couture in neutral zone.
12:44 of 3rd period - Snap shot by J.T. Miller.
12:44 of 3rd period - Goal by J.T. Miller - Tampa Bay Lightning : 3 - Calgary Flames : 2.
12:45 of 3rd period - Nic Dowd wins face-off versus Logan Couture in neutral zone.
13:01 of 3rd period - Slapshot by Travis Konecny.
13:01 of 3rd period - Deflect By Logan Couture.
13:01 of 3rd period - Deflect By Nic Dowd.
13:01 of 3rd period - Shot Misses the Net.
13:01 of 3rd period - Puck is out of play.
13:02 of 3rd period - Anze Kopitar wins face-off versus J.T. Miller in Calgary Flames zone.
13:13 of 3rd period - Wrist shot by Matthew Tkachuk.
13:13 of 3rd period - Shot Misses the Net.
13:35 of 3rd period - Snap shot by Oliver Bjorkstrand.
13:35 of 3rd period - Shot Misses the Net.
14:33 of 3rd period - Wrist shot by Matthew Tkachuk.
14:33 of 3rd period - Shot Blocked by Michael Matheson.
14:35 of 3rd period - Backhand shot by Jeff Petry.
14:35 of 3rd period - Deflect By Matthew Tkachuk.
14:35 of 3rd period - Shot Misses the Net.
14:35 of 3rd period - Puck is out of play.
14:36 of 3rd period - Logan Couture wins face-off versus J.T. Miller in Tampa Bay Lightning zone.
15:16 of 3rd period - Wrist shot by J.T. Miller.
15:16 of 3rd period - Stopped by Filip Gustavsson without a rebound.
15:17 of 3rd period - Nic Dowd wins face-off versus Anze Kopitar in Tampa Bay Lightning zone.
15:28 of 3rd period - Snap shot by Kirill Kaprizov.
15:28 of 3rd period - Shot Misses the Net.
15:42 of 3rd period - Drew Doughty is hit by Moritz Seider and loses puck.
16:05 of 3rd period - Wrist shot by Rafael Harvey-Pinard.
16:05 of 3rd period - Shot Blocked by Hampus Lindholm.
16:19 of 3rd period - Matthew Tkachuk is hit by Johnny Gaudreau and loses puck.
18:47 of 3rd period - Matthew Tkachuk is hit by Blake Lizotte.
19:16 of 3rd period - Wrist shot by Anze Kopitar.
19:16 of 3rd period - Shot Misses the Net.
19:33 of 3rd period - Snap shot by Travis Konecny.
19:33 of 3rd period - Stopped by Ilya Sorokin without a rebound.
19:34 of 3rd period - Bruce Boudreau call a timeout for Calgary Flames.
19:34 of 3rd period - J.T. Miller wins face-off versus Anze Kopitar in Calgary Flames zone.
19:49 of 3rd period - Wrist shot by Trevor Moore.
19:49 of 3rd period - Stopped by Ilya Sorokin without a rebound.
19:50 of 3rd period - Anze Kopitar wins face-off versus J.T. Miller in Calgary Flames zone.
Goals for this period are 0 for Tampa Bay Lightning vs 1 for Calgary Flames.
Shots for this period are 12 for Tampa Bay Lightning vs 5 for Calgary Flames.
Back to the Top